 Dungeon Crawl Stone Soup version 0.30-a0-219-gf2db51d15e (webtiles) character file.

Game seed: 9605422073494596165

704 heikuro the Shield-Bearer (level 7, 0/49 (56) HPs)
             Began as a Formicid Fighter on Oct 8, 2022.
             Was an Initiate of Yredelemnul.
             Slain by a wight
             ... wielding a +3 scimitar
              (9 damage)
             ... on level 5 of the Dungeon.
             The game lasted 00:09:54 (3557 turns).

heikuro the Shield-Bearer (Formicid Fighter)        Turns: 3557, Time: 00:09:55

HP:   0/49 (56)     AC: 10    Str: 22    XL:     7   Next: 99%
MP:   0/8           EV:  9    Int:  8    God:    Yredelemnul [......]
Gold: 209           SH:  5    Dex: 13    Spells: 6/6 levels left

rFire   . . .      SeeInvis +    x - +2 spear
rCold   . . .      Faith    .    c - +0 buckler
rNeg    . . .      Spirit   +    b - +0 scale mail
rPois   .          Reflect  .    (helmet unavailable)
rElec   .          Harm     .    m - +2 cloak
rCorr   .          Rampage  .    (no gloves)
Will    .....      Clarity  +    (no boots)
Stlth   ..........               n - amulet of guardian spirit
HPRegen 0.28/turn                (no ring)
MPRegen 0.11/turn                (no ring)

@: heavily drained
A: permanent stasis, dig shafts and tunnels, antennae 3, four strong arms,
clarity, noise suppression
a: Dig, Shaft Self, Renounce Religion, Recall Undead Harvest


You were on level 5 of the Dungeon.
You worshipped Yredelemnul.
Yredelemnul was noncommittal.
You visited 1 branch of the dungeon, and saw 5 of its levels.
You also visited: Sewer.

You collected 209 gold pieces.

Inventory:

Hand Weapons
 a - a +0 trident
 x - a +2 spear (weapon)
Armour
 b - a +0 scale mail (worn)
 c - a +0 buckler (worn)
 m - a +2 cloak (worn)
Jewellery
 h - a ring of protection from cold
 k - an amulet of faith
 n - an amulet of guardian spirit (around neck)
Scrolls
 e - a scroll of immolation
 j - 2 scrolls of teleportation {unknown}
 l - a scroll of butterflies {unknown}
 o - 2 scrolls of enchant weapon {unknown}
 p - 2 scrolls of enchant armour {unknown}
 q - a scroll of magic mapping {unknown}
 t - 2 scrolls of blinking {unknown}
 u - a scroll of vulnerability {unknown}
 w - 2 scrolls of summoning
Potions
 d - 2 potions of might
 f - 2 potions of attraction
 g - a potion of cancellation
 i - 7 potions of curing
 r - a potion of mutation
 s - a potion of flight {unknown}
 v - a potion of heal wounds {unknown}


   Skills:
 + Level 5.4 Fighting
 + Level 4.4 Polearms
 + Level 5.4 Armour
 + Level 6.5 Shields
 + Level 1.4 Invocations


You had 6 spell levels left.
You didn't know any spells.
Your spell library contained the following spells:

 Spells                   Type           Power      Damage    Failure   Level
 Gell's Gravitas          Tloc           0%         N/A       98%         3
 Teleport Other           Tloc           0%         N/A       98%         3
 Vhi's Electric Charge    Tloc/Air       0%         N/A       98%         3
 Arcjolt                  Conj/Air       0%         1d10      100%        5
 Dispersal                Tloc           0%         N/A       100%        6
 Maxwell's Capacitive Co  Air            0%         ∞         100%        8


Dungeon Overview and Level Annotations

Branches:
Dungeon (5/15)              Sewer (visited)
 Temple: D:4-7

Altars:
Elyvilon
Ru
Yredelemnul

Shops:
D:1 :


Innate Abilities, Weirdness & Mutations

You cannot be hasted, slowed, berserked, paralysed or teleported.
You can dig through walls and to a lower floor.
You have a pair of large antennae on your head. (SInv)
Your four strong arms can wield two-handed weapons with a shield.
You possess an exceptional clarity of mind.
You passively dampen the noise of your surroundings.


Message History

The wight is lightly damaged.
The wight hits you with a +3 scimitar.
You are too injured to fight recklessly!
You are too injured to fight recklessly!
You are too injured to fight recklessly!
You enter the shallow water.
Moving in this stuff is going to be slow.
The wight attacks as you move away! The wight hits you with a +3 scimitar!
* * * LOW HITPOINT WARNING * * *
The wight attacks as you move away! The wight barely misses you.
You see here a +0 robe.
The wight attacks as you move away!
The wight splashes around in the water.
Things that are here:
a +0 great sword; a +0 robe You barely miss the wight.
The wight is lightly damaged.
The wight barely misses you.
You closely miss the wight.
The wight is lightly damaged.
The wight hits you with a +3 scimitar!
* * * LOW HITPOINT WARNING * * *
You hit the wight.
The wight is moderately damaged.
The wight hits you with a +3 scimitar.
* * * LOW HITPOINT WARNING * * *
You hit the wight but do no damage.
The wight is moderately damaged.
The wight hits you but does no damage.
You barely miss the wight.
The wight is moderately damaged.
You hit the wight.
The wight is heavily damaged.
The wight hits you with a +3 scimitar.
* * * LOW HITPOINT WARNING * * *
You feel drained.
You hit the wight.
The wight is heavily damaged.
The wight hits you with a +3 scimitar!
You die...
Your body rises from the dead as a mindless zombie.

#......... ##.. #..# ##+
##### ##..# { ##...###.~~#
#. #~~..~##~~## ##.
#.≈#≈~≈#≈~# #########..
#.≈#≈~≈#≈[# ..........
#.≈#≈.≈#≈z# ###..###...
#.≈#≈.≈#≈@# #≈≈...≈≈... {
#~≈#≈.≈#≈.# #≈.....≈...
##~≈#≈~≈#≈~# #...≈......
#~~.##~..~~# #.......#..
#~~~###...## #.≈...≈.#..
#..## ###########.≈...≈..#.
#.## #.).......≈.≈..##.
#..#######.#####.≈.≈.≈.≈##.
#).........# #.≈≈.≈.≈≈...


You could see a wight.

Vanquished Creatures
  Duvessa (D:5)
  Pargi (Sewer)
  A phantom (D:4)
  A necrophage (D:4)
  2 wights (D:5)
  Dowan (D:5)
  An orc priest (D:3)
  8 adders
  An ufetubus (D:4)
  2 dart slugs
  12 orcs
  7 bats
  2 endoplasms (D:2)
  5 giant cockroaches
  5 goblins
  6 hobgoblins
  8 jackals (D:3)
  4 kobolds
  11 quokkas
  10 ball pythons
  6 frilled lizards
  5 rats
100 creatures vanquished.

Vanquished Creatures (collateral kills)
  A quokka (D:5)
  2 frilled lizards (Sewer)
3 creatures vanquished.

Vanquished Creatures (others)
  A ball python zombie (Sewer)
  A frilled lizard zombie (Sewer)
  2 giant cockroach zombies (D:5)
  A quokka zombie (D:5)
5 creatures vanquished.

Grand Total: 108 creatures vanquished

Notes
Turn   | Place    | Note
-------+----------+-------------------------------------------
     0 | D:1      | heikuro the Formicid Fighter began the quest for the Orb.
     0 | D:1      | Reached XP level 1. HP: 18/18 MP: 1/1
   153 | D:1      | Found Uwnuyheh's Book Shoppe.
   165 | D:1      | Reached XP level 2. HP: 24/24 MP: 2/2
   339 | D:1      | Found a faded altar of an unknown god.
   700 | D:2      | Reached XP level 3. HP: 27/29 MP: 3/3
  1021 | D:2      | Reached XP level 4. HP: 37/37 MP: 4/4
  1597 | D:3      | Reached XP level 5. HP: 35/42 MP: 3/5
  1690 | D:3      | Gained mutation: You have large cloven feet. [potion of
                  | mutation]
  1690 | D:3      | Gained mutation: Your flesh is cold resistant. (rC+)
                  | [potion of mutation]
  1695 | D:3      | Found a sacrificial altar of Ru.
  1835 | D:3      | Reached skill level 5 in Shields
  2247 | D:4      | Reached XP level 6. HP: 30/49 MP: 4/6
  2561 | D:4      | Lost mutation: Your flesh is cold resistant. (rC+) [potion
                  | of mutation]
  2561 | D:4      | Lost mutation: You have large cloven feet. [potion of
                  | mutation]
  2561 | D:4      | Gained mutation: You passively dampen the noise of your
                  | surroundings. [potion of mutation]
  2561 | D:4      | Gained mutation: You possess an exceptional clarity of
                  | mind. [potion of mutation]
  2621 | D:4      | Found a basalt altar of Yredelemnul.
  2634 | D:4      | Became a worshipper of Yredelemnul the Dark
  2785 | D:4      | Found a white marble altar of Elyvilon.
  2839 | D:5      | Entered Level 5 of the Dungeon
  2927 | D:5      | Noticed Duvessa
  2928 | D:5      | Noticed Dowan
  2949 | D:5      | Killed Duvessa
  2950 | D:5      | Reached skill level 5 in Fighting
  2950 | D:5      | Reached skill level 5 in Armour
  2950 | D:5      | Reached skill level 6 in Shields
  2950 | D:5      | Reached XP level 7. HP: 38/56 MP: 5/7
  2968 | D:5      | Killed Dowan
  2994 | D:5      | Found a glowing drain.
  3005 | D:5      | Reached * piety under Yredelemnul
  3036 | Sewer    | Entered a sewer
  3096 | Sewer    | Noticed Pargi
  3138 | Sewer    | Killed Pargi
  3306 | D:5      | Reached skill level 1 in Invocations
  3557 | D:5      | Slain by a wight

Illustrated notes

Levels and vault maps discovered:
D:1:      evilmike_arrival_crescent, layout_loops_cross,
          ebering_ecumenical_altar_abandoned, serial_shops,
          nicolae_shop_hallway_stairs
D:2:      layout_loops_ring
D:3:      layout_basic, mainiacjoe_overflow_boulevard
D:4:      layout_cave_pools, mainiacjoe_overflow_paths, elyvilon_altar_4
D:5:      layout_loops_corners, nicolae_uskayaw_suspiria,
          mainiacjoe_overflow_cross_hatched, minmay_temple_entry_mist,
          gup_sewer_entry_pipe, minmay_circle_x, uniq_duvessa

Skill      XL: |  1  2  3  4  5  6  7 |
---------------+----------------------+-----
Fighting       | 4 5 |  5.4
Polearms       | 3 4 |  4.4
Armour         | 4 5 |  5.4
Shields        | 5 6 |  6.5
Invocations    | 1 |  1.4

Action                   |  1- 3 |  4- 6 |  7- 9 || total
-------------------------+-------+-------+-------++-------
Melee: Trident           |    73 |   192 |   118 ||   383
       Kick              |       |    19 |       ||    19
       Spear             |       |       |    28 ||    28
  Use: Scroll            |       |     9 |     1 ||    10
       Potion            |       |     2 |       ||     2
Armor: Scale mail        |    36 |    89 |    73 ||   198
Dodge: Dodged            |    33 |    81 |    81 ||   195
Block: Buckler           |    18 |    48 |    31 ||    97

Table legend: (Time is in decaauts)
 A = Elapsed time spent in this place.
 B = Non-inter-level travel time spent in this place.
 C = Inter-level travel time spent in this place.
 D = Time resting spent in this place.
 E = Time spent auto-exploring this place.
 F = Levels seen in this place.
 G = Mean time per level.
                   A        B        C        D        E       F      G
               +--------+--------+--------+--------+--------+-----+--------+
         Total |   3676 |   3513 |    163 |    266 |   1867 |   6 |  612.7 |
       Dungeon |   3387 |   3224 |    163 |    266 |   1743 |   5 |  677.4 |
         Sewer |    288 |    288 |      0 |      0 |    124 |   1 |  288.0 |
               +--------+--------+--------+--------+--------+-----+--------+

Top non-repeatable levels by time:
     D:3: 774 daAuts
     D:4: 727 daAuts
     D:1: 696 daAuts
     D:2: 690 daAuts
     D:5: 499 daAuts
   Sewer: 288 daAuts
